TOP OF THE 1ST |
Hollywood Shredders batting - Pitching for San Mateo Dirty Reds : RHP Anatoly Ivanovich
|
Pitching: RHP Anatoly Ivanovich
|
|
Batting: LHB Chris Payling
|
0-0: SINGLE (Groundball, 4MD, EV 107.5 MPH)
|
Batting: RHB James Hemwick
|
0-0: Ball 1-0: Called Strike 1-1: Foul Ball, location: 2F 1-2: Strikes out swinging
|
Batting: LHB Kanko Umaba
|
0-0: Ball Chris Payling is caught stealing 2nd base 2-6 1-0: Swinging Strike 1-1: Called Strike 1-2: Foul Ball, location: 2F 1-2: Ground out 6-3 (Groundball, 6M, EV 80.6 MPH)
|
Top of the 1st over - 0 runs, 1 hit, 0 errors, 0 left on base; Hollywood 0 - San Mateo 0 |
BOTTOM OF THE 1ST |
San Mateo Dirty Reds batting - Pitching for Hollywood Shredders : RHP Lloyd Natoff
|
Pitching: RHP Lloyd Natoff
|
|
Batting: RHB Paul Tate
|
0-0: Ball 1-0: Ball 2-0: Ground out 6-3 (Groundball, 6, EV 91.2 MPH)
|
Batting: LHB Richard Edwards
|
0-0: Ball 1-0: Foul Ball, location: 2F 1-1: Called Strike 1-2: Ball 2-2: Ball 3-2: Ground out 6-3 (Groundball, 56, EV 76.9 MPH)
|
Batting: LHB Yao-pang Chiang
|
0-0: Swinging Strike 0-1: Ball 1-1: Ground out 6-3 (Groundball, 6, EV 79.4 MPH)
|
Bottom of the 1st over - 0 runs, 0 hits, 0 errors, 0 left on base; Hollywood 0 - San Mateo 0 |
TOP OF THE 2ND |
Hollywood Shredders batting - Pitching for San Mateo Dirty Reds : RHP Anatoly Ivanovich
|
Batting: RHB Baldomero Avino
|
0-0: Foul Ball, location: 2F 0-1: Ground out 6-3 (Groundball, 6M, EV 102.5 MPH)
|
Batting: LHB Scott Kerin
|
0-0: Foul Ball, location: 2F 0-1: Ball 1-1: Foul Ball, location: 2F 1-2: Ball 2-2: Ball 3-2: SINGLE (Groundball, 34D, EV 101.9 MPH)
|
Batting: RHB Guillermo Coss
|
0-0: Ball 1-0: Fielders Choice at 2nd, 4-6 (Groundball, 34, EV 103.8 MPH)
|
Batting: LHB Divine Diablo
|
0-0: Ball 1-0: Fly out, F8 (Line Drive, 8RM, EV 90.0 MPH)
|
Top of the 2nd over - 0 runs, 1 hit, 0 errors, 1 left on base; Hollywood 0 - San Mateo 0 |
BOTTOM OF THE 2ND |
San Mateo Dirty Reds batting - Pitching for Hollywood Shredders : RHP Lloyd Natoff
|
Batting: LHB Palaie Gaoteote
|
0-0: Ball 1-0: Foul Ball, location: 2F 1-1: Foul Ball, location: 2F 1-2: Strikes out swinging
|
Batting: SHB Dylan Carson
|
0-0: Ball 1-0: Ball 2-0: Called Strike 2-1: Ball 3-1: Ground out 5-3 (Groundball, 56S, EV 67.5 MPH)
|
Batting: RHB Hugh Mungus
|
0-0: Ball 1-0: Foul Ball, location: 2F 1-1: Ball 2-1: Ball 3-1: Fly out, F8 (Flyball, 78S, EV 93.1 MPH)
|
Bottom of the 2nd over - 0 runs, 0 hits, 0 errors, 0 left on base; Hollywood 0 - San Mateo 0 |
TOP OF THE 3RD |
Hollywood Shredders batting - Pitching for San Mateo Dirty Reds : RHP Anatoly Ivanovich
|
Batting: SHB Alexei Ponikarov
|
0-0: Called Strike 0-1: Foul Ball, location: 2F 0-2: Ground out 6-3 (Groundball, 6, EV 85.0 MPH)
|
Batting: RHB Jon Osterman
|
0-0: Ball 1-0: Fly out, F9 (Flyball, 89S, EV 88.1 MPH)
|
Batting: LHB Chris Payling
|
0-0: Foul Ball, location: 2F 0-1: Foul Ball, location: 2F 0-2: Ball 1-2: Ball 2-2: SINGLE (Groundball, 34D, EV 106.2 MPH)
|
Batting: RHB James Hemwick
|
0-0: Ball Chris Payling steals 2nd base 1-0: Fly out, F9 (Flyball, 9LM, EV 92.5 MPH)
|
Top of the 3rd over - 0 runs, 1 hit, 0 errors, 1 left on base; Hollywood 0 - San Mateo 0 |
BOTTOM OF THE 3RD |
San Mateo Dirty Reds batting - Pitching for Hollywood Shredders : RHP Lloyd Natoff
|
Batting: RHB Nelson Jaramillo
|
0-0: Ball 1-0: Foul Ball, location: 2F 1-1: Swinging Strike 1-2: Ball 2-2: Foul Ball, location: 2F 2-2: Foul Ball, location: 2F 2-2: Foul Ball, location: 2F 2-2: Ball 3-2: SINGLE (Groundball, 56D, EV 98.8 MPH)
|
Batting: LHB Rio Mence
|
0-0: Called Strike 0-1: Called Strike 0-2: Ball 1-2: Strikes out swinging
|
Batting: RHB Jurg Dansen
|
0-0: Foul Ball, location: 2F 0-1: Swinging Strike 0-2: Strikes out swinging
|
Batting: RHB Paul Tate
|
0-0: Ball 1-0: Ball 2-0: TRIPLE (Flyball, 9LD, EV 90.0 MPH) Nelson Jaramillo scores
|
Batting: LHB Richard Edwards
|
0-0: Ball 1-0: Called Strike 1-1: Swinging Strike 1-2: Ball 2-2: Ball 3-2: Foul Ball, location: 2F 3-2: Foul Ball, location: 2F 3-2: Base on Balls
|
Batting: LHB Yao-pang Chiang
|
0-0: Called Strike 0-1: Ball 1-1: Ball 2-1: Ball 3-1: Base on Balls Richard Edwards to second
|
Batting: LHB Palaie Gaoteote
|
0-0: Foul Ball, location: 2F 0-1: Foul Ball, location: 2F 0-2: Ground out 1-3 (Groundball, 34S, EV 60.6 MPH)
|
Bottom of the 3rd over - 1 run, 2 hits, 0 errors, 3 left on base; Hollywood 0 - San Mateo 1 |
TOP OF THE 4TH |
Hollywood Shredders batting - Pitching for San Mateo Dirty Reds : RHP Anatoly Ivanovich
|
Batting: LHB Kanko Umaba
|
0-0: Ball 1-0: Ball 2-0: Ball 3-0: Base on Balls
|
Batting: RHB Baldomero Avino
|
0-0: Grounds into double play, 6-4-3 (Groundball, 6, EV 110.6 MPH)
|
Batting: LHB Scott Kerin
|
0-0: Ball 1-0: Foul Ball, location: 2F 1-1: SOLO HOME RUN (Flyball, 9D, EV 103.8 MPH), Distance : 358 ft
|
Batting: RHB Guillermo Coss
|
0-0: Ground out 5-3 (Groundball, 56, EV 110.6 MPH)
|
Top of the 4th over - 1 run, 1 hit, 0 errors, 0 left on base; Hollywood 1 - San Mateo 1 |
BOTTOM OF THE 4TH |
San Mateo Dirty Reds batting - Pitching for Hollywood Shredders : RHP Lloyd Natoff
|
Batting: SHB Dylan Carson
|
0-0: Ground out 4-3 (Groundball, 4, EV 88.1 MPH)
|
Batting: RHB Hugh Mungus
|
0-0: Ball 1-0: Ball 2-0: Ball 3-0: Called Strike 3-1: Base on Balls
|
Batting: RHB Nelson Jaramillo
|
0-0: Foul Ball, location: 2F 0-1: Ball 1-1: Ball 2-1: Ball 3-1: Foul Ball, location: 2F 3-2: Base on Balls Hugh Mungus to second
|
Batting: LHB Rio Mence
|
0-0: SINGLE (Line Drive, 89S, EV 101.9 MPH) Hugh Mungus to third Nelson Jaramillo to second
|
Batting: RHB Jurg Dansen
|
0-0: Called Strike 0-1: Ball 1-1: Ball 2-1: Fly out, F8 (Flyball, 8RM, EV 89.4 MPH) Runner from 3rd tags up, SCORES, throw by CF
|
Batting: RHB Paul Tate
|
0-0: Ball 1-0: Called Strike 1-1: Ball 2-1: SINGLE (Flyball, 89S, EV 90.0 MPH) Nelson Jaramillo to third Rio Mence to second Runner from 3rd tries for Home, SAFE, no throw by RF
|
Batting: LHB Richard Edwards
|
0-0: Ball 1-0: Ground out 4-3 (Groundball, 4, EV 82.5 MPH)
|
Bottom of the 4th over - 2 runs, 2 hits, 0 errors, 2 left on base; Hollywood 1 - San Mateo 3 |
TOP OF THE 5TH |
Hollywood Shredders batting - Pitching for San Mateo Dirty Reds : RHP Anatoly Ivanovich
|
Batting: LHB Divine Diablo
|
0-0: Called Strike 0-1: Ball 1-1: Ball 2-1: Fly out, F9 (Flyball, 9D, EV 101.9 MPH)
|
Batting: SHB Alexei Ponikarov
|
0-0: Ball 1-0: Foul Ball, location: 2F 1-1: Ball 2-1: Ground out U3 (Groundball, 3, EV 106.9 MPH)
|
Batting: RHB Jon Osterman
|
0-0: Called Strike 0-1: Ball 1-1: SINGLE (Groundball, 56D, EV 96.9 MPH)
|
Batting: LHB Chris Payling
|
0-0: Called Strike 0-1: Ball Jon Osterman steals 2nd base 1-1: Ball 2-1: Fly out, F9 (Line Drive, 9D, EV 89.4 MPH)
|
Top of the 5th over - 0 runs, 1 hit, 0 errors, 1 left on base; Hollywood 1 - San Mateo 3 |
BOTTOM OF THE 5TH |
San Mateo Dirty Reds batting - Pitching for Hollywood Shredders : RHP Lloyd Natoff
|
Batting: LHB Yao-pang Chiang
|
0-0: Ball 1-0: Ball 2-0: Ball 3-0: Base on Balls
|
Batting: LHB Palaie Gaoteote
|
0-0: Grounds into double play, 3-6-3 (Groundball, 3, EV 91.2 MPH)
|
Batting: SHB Dylan Carson
|
0-0: Ball 1-0: Called Strike 1-1: Fly out, F8 (Flyball, 8LM, EV 76.2 MPH)
|
Bottom of the 5th over - 0 runs, 0 hits, 0 errors, 0 left on base; Hollywood 1 - San Mateo 3 |
TOP OF THE 6TH |
Hollywood Shredders batting - Pitching for San Mateo Dirty Reds : RHP Anatoly Ivanovich
|
Batting: RHB James Hemwick
|
0-0: Called Strike 0-1: Ground out 1-3 (Groundball, 13S, EV 64.4 MPH)
|
Pitching: RHP Ignacio Ayala
|
|
Batting: LHB Kanko Umaba
|
0-0: Ground out 1-3 (Groundball, 34S, EV 63.8 MPH)
|
Batting: RHB Baldomero Avino
|
0-0: Foul Ball, location: 2F 0-1: Called Strike 0-2: Ball 1-2: Foul Ball, location: 2F 1-2: Fly out, F8 (Flyball, 8LXD, EV 91.9 MPH)
|
Top of the 6th over - 0 runs, 0 hits, 0 errors, 0 left on base; Hollywood 1 - San Mateo 3 |
BOTTOM OF THE 6TH |
San Mateo Dirty Reds batting - Pitching for Hollywood Shredders : RHP Lloyd Natoff
|
Batting: RHB Hugh Mungus
|
0-0: Called Strike 0-1: Ball 1-1: Foul Ball, location: 2F 1-2: Fly out, F7 (Line Drive, 7, EV 91.9 MPH)
|
Batting: RHB Nelson Jaramillo
|
0-0: Called Strike 0-1: Ball 1-1: Ball 2-1: Ball 3-1: Foul Ball, location: 2F 3-2: Base on Balls
|
Pitching: RHP Tsugahara Hori
|
|
Batting: LHB Rio Mence
|
0-0: Ball 1-0: Fly out, F7 (Flyball, 7LD, EV 78.8 MPH)
|
Batting: RHB Jurg Dansen
|
0-0: Swinging Strike 0-1: Foul Ball, location: 2F 0-2: Strikes out swinging
|
Bottom of the 6th over - 0 runs, 0 hits, 0 errors, 1 left on base; Hollywood 1 - San Mateo 3 |
TOP OF THE 7TH |
Hollywood Shredders batting - Pitching for San Mateo Dirty Reds : RHP Ignacio Ayala
|
Pitching: RHP Matt Digby
|
|
Batting: LHB Scott Kerin
|
0-0: Ball 1-0: Ball 2-0: Called Strike 2-1: Foul Ball, location: 2F 2-2: SINGLE (Groundball, 34D, EV 97.5 MPH)
|
Batting: RHB Guillermo Coss
|
0-0: Fly out, F8 (Flyball, 8RM, EV 74.4 MPH)
|
Batting: LHB Divine Diablo
|
0-0: Called Strike 0-1: Swinging Strike 0-2: Foul Ball, location: 2F 0-2: Foul Ball, location: 2F 0-2: Ball 1-2: Ball 2-2: Fly out, F8 (Flyball, 8LD, EV 90.6 MPH)
|
Batting: SHB Alexei Ponikarov
|
0-0: Ball 1-0: Ball 2-0: Swinging Strike 2-1: Ball 3-1: Called Strike 3-2: Fly out, F9 (Line Drive, 9, EV 87.5 MPH)
|
Top of the 7th over - 0 runs, 1 hit, 0 errors, 1 left on base; Hollywood 1 - San Mateo 3 |
BOTTOM OF THE 7TH |
San Mateo Dirty Reds batting - Pitching for Hollywood Shredders : RHP Tsugahara Hori
|
Batting: RHB Paul Tate
|
0-0: Called Strike 0-1: Ball 1-1: Swinging Strike 1-2: Strikes out looking
|
Batting: LHB Richard Edwards
|
0-0: Called Strike 0-1: Ball 1-1: Ball 2-1: SINGLE (Line Drive, 7S, EV 109.4 MPH)
|
Batting: LHB Yao-pang Chiang
|
0-0: Ball Richard Edwards steals 2nd base (no throw) 1-0: Ball 2-0: Swinging Strike 2-1: Foul Ball, location: 2F 2-2: Ground out U3 (Groundball, 3, EV 88.1 MPH) Richard Edwards to third
|
Pitching: RHP José Villarreal
|
|
Batting: LHB Palaie Gaoteote
|
0-0: Called Strike 0-1: Ball 1-1: Foul Ball, location: 2F 1-2: Ball 2-2: Strikes out looking
|
Bottom of the 7th over - 0 runs, 1 hit, 0 errors, 1 left on base; Hollywood 1 - San Mateo 3 |
TOP OF THE 8TH |
Hollywood Shredders batting - Pitching for San Mateo Dirty Reds : RHP Matt Digby
|
Batting: RHB Jon Osterman
|
0-0: Fly out, F9 (Flyball, 9LS, EV 90.6 MPH)
|
Batting: LHB Chris Payling
|
0-0: Called Strike 0-1: Foul Ball, location: 2F 0-2: Ball 1-2: Ground out 4-3 (Groundball, 4, EV 81.2 MPH)
|
Batting: RHB James Hemwick
|
0-0: Called Strike 0-1: Ground out 4-3 (Groundball, 4, EV 98.8 MPH)
|
Top of the 8th over - 0 runs, 0 hits, 0 errors, 0 left on base; Hollywood 1 - San Mateo 3 |
BOTTOM OF THE 8TH |
San Mateo Dirty Reds batting - Pitching for Hollywood Shredders : RHP José Villarreal
|
Batting: SHB Dylan Carson
|
0-0: Called Strike 0-1: Fly out, F7 (Flyball, 7S, EV 80.6 MPH)
|
Batting: RHB Hugh Mungus
|
0-0: Called Strike 0-1: Ball 1-1: Fly out, F3 (Popup, 3SF, EV 88.8 MPH)
|
Batting: RHB Nelson Jaramillo
|
0-0: Foul Ball, location: 2F 0-1: Called Strike 0-2: Strikes out swinging
|
Bottom of the 8th over - 0 runs, 0 hits, 0 errors, 0 left on base; Hollywood 1 - San Mateo 3 |
TOP OF THE 9TH |
Hollywood Shredders batting - Pitching for San Mateo Dirty Reds : RHP Matt Digby
|
Batting: LHB Kanko Umaba
|
0-0: Called Strike 0-1: Ball 1-1: Ball 2-1: Reached on error, E3 (Groundball, 3L, EV 97.5 MPH)
|
Pitching: RHP Yoshii Ikeda
|
|
Batting: RHB Baldomero Avino
|
0-0: Ball 1-0: Ball 2-0: Called Strike 2-1: Ball 3-1: Called Strike 3-2: Strikes out swinging Kanko Umaba steals 2nd base Batter strikes out.
|
Batting: LHB Scott Kerin
|
0-0: Ground out 6-3 (Groundball, 6M, EV 84.4 MPH) Kanko Umaba to third
|
Batting: RHB Guillermo Coss
|
0-0: Ball 1-0: Ball 2-0: Called Strike 2-1: Ball 3-1: Called Strike 3-2: Fly out, F3 (Popup, 34, EV 73.1 MPH)
|
Top of the 9th over - 0 runs, 0 hits, 1 error, 1 left on base; Hollywood 1 - San Mateo 3 |
|